 Dungeon Crawl Stone Soup version 0.26.0-10-g1f06aea511 (webtiles) character file.

Game seed: 7173428082818251326

135 Leeroy the Slasher (level 4, -7/38 HPs)
             Began as a Palentonga Warper on Feb 5, 2021.
             Killed by nerve-wracking pain
             ... invoked by Grinder
              (13 damage)
             ... on level 3 of the Dungeon.
             The game lasted 00:05:18 (2126 turns).

Leeroy the Slasher (Palentonga Warper)              Turns: 2126, Time: 00:05:18

Health: -7/38      AC:  4    Str: 15    XL:     4   Next: 96%
Magic:  5/7        EV:  9    Int: 13    God:
Gold:   121        SH:  0    Dex: 10    Spells: 5/7 levels left

rFire    . . .     SeeInvis +   a - +0 falchion
rCold    . . .     Faith    .   (no shield)
rNeg     . . .     Spirit   .   b - +0 leather armour
rPois    .         Reflect  .   (no helmet)
rElec    .         Harm     .   v - scarf {shadows}
rCorr    .         Rampage  .   (no gloves)
Will     .....                  (no barding)
Stlth    +.........             (no amulet)
HPRegen  0.12/turn              (no ring)
MPRegen  0.10/turn              (no ring)

@: no status effects
A: large, rugged brown scales 3, see invisible, deformed body, roll 1, armoured
tail
a: Rolling Charge


You were on level 3 of the Dungeon.
You visited 1 branch of the dungeon, and saw 3 of its levels.

You collected 121 gold pieces.

Inventory:

Hand Weapons
 a - a +0 falchion (weapon)
 f - a +1 spear of venom
Missiles
 e - 5 boomerangs of dispersal
 p - 43 poisoned darts (quivered)
Armour
 b - a +0 leather armour (worn)
 m - a scarf of invisibility
 u - a +0 chain mail
 v - a scarf of shadows (worn)
Jewellery
 g - a cursed -4 ring of intelligence {unknown}
 s - an uncursed ring of resist corrosion {unknown}
Scrolls
 d - a scroll of blinking
 j - 2 scrolls of amnesia
 k - 4 scrolls of remove curse {unknown}
 o - 4 scrolls of identify {unknown}
 r - a scroll of teleportation {unknown}
 w - a scroll of magic mapping {unknown}
 x - a scroll of immolation {unknown}
 y - a scroll of noise {unknown}
Potions
 c - a potion of heal wounds
 h - 2 potions of degeneration {unknown}
 i - a potion of cancellation {unknown}
 l - 3 potions of might {unknown}
 n - a potion of brilliance {unknown}
 q - a potion of flight {unknown}
 t - a potion of curing {unknown}


   Skills:
 - Level 2.0 Fighting
 + Level 5.2 Long Blades
 - Level 0.6 Throwing
 - Level 0.7 Armour
 - Level 1.5 Dodging
 - Level 2.0 Spellcasting
 - Level 3.0 Translocations


You had 5 spell levels left.
You knew the following spells:

 Your Spells              Type           Power        Failure   Level
a - Blink                 Tloc           N/A          14%         2

Your spell library contained the following spells:

 Spells                   Type           Power        Failure   Level
 Gell's Gravitas          Tloc           2%           26%         3
 Lesser Beckoning         Tloc           2%           26%         3
 Teleport Other           Tloc           4%           26%         3
 Passage of Golubria      Tloc           N/A          65%         4


Dungeon Overview and Level Annotations

Branches:
Dungeon (3/15)

Altars:

Annotations:
D:3 Grinder


Innate Abilities, Weirdness & Mutations

You are completely covered in rugged brown scales. (AC +3, +7% HP)
You have supernaturally acute eyesight. (SInv)
Armour fits poorly on your strangely shaped body.
You can roll at nearby foes to attack.
You have a long armoured tail.


Message History

Confirm with . or Enter, or press ? or * to list all spells.
Okay, then.
You closely miss Grinder.
Grinder is heavily wounded.
Grinder gestures at you.
You suddenly lose the ability to move!
Grinder hits you but does no damage. x2
Grinder hits you.
You writhe in agony.
Grinder hits you!
You writhe in agony.
Grinder gestures at you. Pain shoots through your body!
* * * LOW HITPOINT WARNING * * *
You can move again.
Unknown command.
Casting: Blink (safe; 14% risk of failure)
Confirm with . or Enter, or press ? or * to list all spells.
You feel a numb sensation.
You blink.
Grinder gestures at you. Pain shoots through your body!
You die...

#.............
#.............
#............. #+#
#...>......... #.#
#.............
#####'#+#.............
#...........##########
#.....5.....#
#....@.ยง....#
#...........#
#(..........#
.........#+#.#
.........# #..#
.........# ####
.........+ .


You could see Grinder.

Vanquished Creatures
  Terence (D:2)
  An orc wizard (D:3)
  2 adders
  2 oozes (D:2)
  6 leopard geckos
  2 orcs (D:3)
  A ball python (D:2)
  5 giant cockroaches
  2 goblins (D:2)
  5 hobgoblins
  4 jackals (D:2)
  5 kobolds
  A quokka (D:2)
  3 bats
  3 frilled lizards
  7 rats
50 creatures vanquished.

Notes
Turn   | Place    | Note
-------+----------+-------------------------------------------
     0 | D:1      | Leeroy the Palentonga Warper began the quest for the Orb.
     0 | D:1      | Reached XP level 1. HP: 18/18 MP: 3/3
   247 | D:1      | Reached XP level 2. HP: 15/25 MP: 5/5
   676 | D:1      | Reached skill level 3 in Long Blades
   829 | D:2      | Reached XP level 3. HP: 31/31 MP: 6/6
   832 | D:2      | Learned a level 2 spell: Blink
  1258 | D:2      | Reached skill level 4 in Long Blades
  1585 | D:2      | Noticed Terence
  1597 | D:2      | Killed Terence
  1598 | D:2      | Reached XP level 4. HP: 30/38 MP: 7/7
  1965 | D:3      | Reached skill level 5 in Long Blades
  2106 | D:3      | Noticed Grinder
  2120 | D:3      | Paralysed by Grinder for 6 turns
  2126 | D:3      | Killed from afar by Grinder

Illustrated notes

Levels and vault maps discovered:
D:1:      dpeg_arrival_short_road, layout_rooms
D:2:      layout_loops_ring, minmay_door_square, uniq_terence
D:3:      layout_basic, old_standard_altar, lemuel_blue_sif_altar,
          gup_sewer_entry_bubbles, uniq_grinder, uniq_sigmund

Skill      XL: |  1  2  3  4 |
---------------+-------------+-----
Long Blades    | 3 4 5 |  5.2
Fighting       | |  2.0
Throwing       | |  0.6
Armour         | |  0.7
Dodging        | |  1.5
Spellcasting   | |  2.0
Translocations | |  3.0

Action                   |  1- 3 |  4- 6 || total
-------------------------+-------+-------++-------
Melee: Falchion          |   117 |    50 ||   167
       Tailslap          |    10 |     1 ||    11
Throw: Dart              |     5 |       ||     5
 Cast: Blink             |       |     1 ||     1
 Abil: Rolling Charge    |     8 |     5 ||    13
  Use: Scroll            |       |     1 ||     1
       Potion            |       |     1 ||     1
Armor: Leather armour    |    66 |    14 ||    80
Dodge: Dodged            |    63 |    15 ||    78
       Rpst.: Falchion   |    16 |     3 ||    19
